 Dungeon Crawl Stone Soup version 0.17-a0-776-gd86b262 (webtiles) character file.

79 Pnognoglozu the Skirmisher (level 4, -4/35 HPs)
             Began as a Demonspawn Abyssal Knight on Apr 24, 2015.
             Was a Believer of Lugonu.
             Slain by ImmaFairy's ghost (12 damage)
             ... on level 3 of the Dungeon.
             The game lasted 00:07:08 (1816 turns).

Pnognoglozu the Skirmisher (DsAK)                   Turns: 1816, Time: 00:07:08

Health: -4/35      AC:  8    Str: 16    XL:     4   Next: 16%
Magic:  6/6        EV: 14    Int: 13    God:    Lugonu [**....]
Gold:   77         SH:  0    Dex: 13    Spells: 0 memorised, 3 levels left

rFire  . . .     SeeInvis .     a - +1 falchion
rCold  . . .     Clarity  .     b - +0 leather armour
rNeg   . . .     SustAb   .     (no shield)
rPois  .         Gourm    .     (helmet restricted)
rElec  .         Spirit   .     (no cloak)
rCorr  .         Warding  .     j - +0 pair of gloves
rMut   .         Stasis   .     h - +0 pair of boots
MR     .....                    (no amulet)
Stlth  +.........               n - +3 ring of strength
                                e - +4 ring of evasion

@: drained, not resistant to hostile enchantments, very unstealthy
A: horns 1, icy blue scales 2
a: Depart the Abyss, Bend Space, Renounce Religion


You were on level 3 of the Dungeon.
You worshipped Lugonu.
Lugonu was pleased with you.
You were hungry.

You visited 1 branch of the dungeon, and saw 3 of its levels.
You visited the Abyss 1 time.

You collected 77 gold pieces.

Inventory:

Hand weapons
 a - a +1 falchion (weapon)
 k - a +0 spear of flaming
Missiles
 o - 5 javelins (quivered)
Armour
 b - a +0 leather armour (worn)
 h - a +0 pair of boots (worn)
 j - a +0 pair of gloves (worn)
Jewellery
 e - a +4 ring of evasion (left hand)
 n - a +3 ring of strength (right hand)
Scrolls
 d - a scroll of random uselessness {unknown}
 g - a scroll of identify {unknown}
 i - a scroll of remove curse {unknown}
 l - a scroll of fog {unknown}
 m - a scroll of fear {unknown}
 t - a scroll of amnesia {unknown}
Potions
 p - a potion of flight {unknown}
 q - a potion of curing {unknown}
 s - 2 potions of lignification {unknown}
Books
 r - a Necronomicon {highlevel, unknown}

   This book is beyond your current level of understanding.

   Spells                             Type                      Level
   a - Haunt                          Necromancy/Summoning         7
   b - Borgnjor's Revivification      Necromancy                   8
   c - Death's Door                   Charms/Necromancy            8
   d - Necromutation                  Transmutation/Necromancy     8
Comestibles
 c - 2 bread rations
 f - a chunk of flesh


   Skills:
 + Level 3.4(3.2) Fighting
 + Level 2.4(2.2) Long Blades
 + Level 2.4(2.2) Armour
 + Level 1.6(1.4) Dodging
 + Level 3.2(3.0) Invocations


You had 3 spell levels left.
You didn't know any spells.

Dungeon Overview and Level Annotations

Branches:
Dungeon (3/15)

Altars:

Annotations:
D:3 ImmaFairy's ghost, average FoFi


Innate Abilities, Weirdness & Mutations

You have a pair of small horns on your head.
You are mostly covered in icy blue scales (AC +3, EV -1).


Message History

ImmaFairy's ghost hits you!
You hit ImmaFairy's ghost but do no damage.
ImmaFairy's ghost is lightly damaged.
ImmaFairy's ghost barely misses you.
You hit ImmaFairy's ghost but do no damage.
ImmaFairy's ghost is lightly damaged.
ImmaFairy's ghost hits you!
You hit ImmaFairy's ghost.
ImmaFairy's ghost is lightly damaged.
ImmaFairy's ghost hits you!
* * * LOW HITPOINT WARNING * * *
ImmaFairy's ghost closely misses you.
You hit ImmaFairy's ghost but do no damage.
Your headbutt misses ImmaFairy's ghost.
ImmaFairy's ghost is lightly damaged.
ImmaFairy's ghost hits you but does no damage.
You hit ImmaFairy's ghost but do no damage.
ImmaFairy's ghost is lightly damaged.
ImmaFairy's ghost hits you!
You die...

#########
###.......#
##...## #.....###
#.<.....# .
#.....#.#
#..#####...##.##.
#................
#.......@####.###
#(.....W)# ..
.........#
.......$#
........#
........#
....?..# #######


You could see ImmaFairy's ghost.

Vanquished Creatures
  3 adders (D:2)
  A gnoll (D:1)
  2 giant geckos
  A giant cockroach (D:2)
  6 goblins
  6 hobgoblins
  5 jackals
  2 kobolds (D:2)
  5 bats
  3 giant newts (D:2)
  5 rats
39 creatures vanquished.

Notes
Turn   | Place    | Note
--------------------------------------------------------------
     0 | Abyss:1  | Pnognoglozu, the Demonspawn Abyssal Knight, began the quest for the Orb.
     0 | Abyss:1  | Reached XP level 1. HP: 18/18 MP: 2/2
    96 | Abyss:1  | Found a corrupted altar of Lugonu.
   101 | D:1      | Escaped the Abyss
   256 | D:1      | Reached skill level 1 in Dodging
   448 | D:1      | Gained mutation: You have a pair of small horns on your head. [demonic ancestry]
   448 | D:1      | Reached XP level 2. HP: 22/24 MP: 3/3
   889 | D:1      | Gained mutation: You are partially covered in icy blue scales (AC +1). [demonic ancestry]
   889 | D:1      | Reached XP level 3. HP: 29/29 MP: 5/5
  1058 | D:2      | Acquired Lugonu's second power
  1654 | D:2      | Gained mutation: You are mostly covered in icy blue scales (AC +3, EV -1). [demonic ancestry]
  1654 | D:2      | Reached XP level 4. HP: 31/35 MP: 6/6
  1802 | D:3      | Noticed ImmaFairy's ghost (average FoFi)
  1816 | D:3      | Slain by ImmaFairy's ghost

Action                   |  1- 3 |  4- 6 || total
-------------------------+-------+-------++-------
Melee: Falchion          |   113 |    19 ||   132
  Eat: Chunk             |     2 |       ||     2
